 Dungeon Crawl Stone Soup version 0.20-a0-1026-gc3ddcbd (webtiles) character file.

181 alfred1011 the Skirmisher (level 5, -14/57 HPs)
             Began as an Ogre Hunter on Apr 20, 2017.
             Demolished by an ogre
             ... wielding a cursed +0 giant spiked club
              (27 damage)
             ... on level 4 of the Dungeon.
             The game lasted 00:16:07 (3169 turns).

alfred1011 the Skirmisher (Ogre Hunter)             Turns: 3169, Time: 00:16:08

Health: -14/57     AC:  3    Str: 17    XL:     5   Next: 61%
Magic:  5/5        EV: 10    Int: 12    God:
Gold:   160        SH:  0    Dex:  9    Spells: 4/4 levels left

rFire    . . .     SeeInvis .   t - +0 dire flail
rCold    . . .     Gourm    .   (shield currently unavailable)
rNeg     . . .     Faith    .   b - +0 robe
rPois    .         Spirit   .   (helmet restricted)
rElec    .         Reflect  .   (no cloak)
rCorr    .         Harm     .   (gloves unavailable)
MR       .....                  (boots unavailable)
Stlth    +.........             (no amulet)
Regen    0.2/turn               (no ring)
MPRegen  0.1/turn               (no ring)

@: no status effects
A: unfitting armour, tough skin 1
a: no special abilities


You were on level 4 of the Dungeon.
You were hungry.

You visited 1 branch of the dungeon, and saw 4 of its levels.

You collected 160 gold pieces.

Inventory:

Hand Weapons
 m - a +0 club
 t - a +0 dire flail (weapon)
Missiles
 a - 82 stones
 c - a large rock (quivered)
 d - 2 throwing nets
Armour
 b - a +0 robe (worn)
Jewellery
 j - a +3 ring of evasion {unknown}
 n - a cursed ring of teleportation {unknown}
Wands
 r - a wand of confusion (19/48)
Scrolls
 e - 4 scrolls of fog {unknown}
 i - 6 scrolls of identify {unknown}
 o - 3 scrolls of teleportation {unknown}
Potions
 g - 2 potions of resistance {unknown}
 h - a potion of flight {unknown}
 k - 2 potions of haste {unknown}
 l - 2 potions of curing {unknown}
 s - 2 potions of agility {unknown}
 u - a potion of ambrosia {unknown}
 w - 2 potions of berserk rage {unknown}
Comestibles
 f - 3 bread rations
 p - 2 royal jellies
 q - a meat ration
 v - 2 fruits


   Skills:
 + Level 5.3 Fighting
 + Level 1.5 Maces & Flails
 + Level 5.2 Throwing
 - Level 1.7 Dodging
 - Level 0.6 Stealth


You had 4 spell levels left.
You didn't know any spells.

Dungeon Overview and Level Annotations

Branches:
Dungeon (4/15)
 Temple: D:4-7

Altars:
Hepliaklqana
Xom


Innate Abilities, Weirdness & Mutations

You are too large for most types of armour.
You have tough skin. (AC +1)


Message History

You are too injured to fight recklessly!
Found a robe.
You are feeling hungry.
The ogre barely misses you.
You see here a large rock.
c - a large rock The ogre closely misses you.
Found a scroll labeled WYOSEM UNWAONG.
The ogre misses you.
Things that are here:
a large rock; a worker ant corpse
c - 2 large rocks (gained 1) Throwing (i - inventory. (,) - cycle):
c - 2 large rocks (quivered)
Press: ? - help, Shift-Dir - straight line, f/p - ogre
Aim: an ogre, wielding a giant spiked club (severely wounded)
You throw a large rock. The large rock barely misses the ogre.
The ogre hits you with a giant spiked club!
* * * LOW HITPOINT WARNING * * *
The ogre hits you with a giant spiked club!!
You die...

.................
..............#.........
..............#.........
..............#.........
..............#.........
#รท............#.........
##..........#...........
#####.####.............?
..............#.@.......
.....######....(O.......
....## ##....(.......
.#### #...####.#.## >####
#####....## .#.#
....####...?.....#....
.##...##....([........
.####.##....(..........
.# #..#..............


You could see an ogre.

Vanquished Creatures
  A centaur skeleton (D:3)
  2 worker ants (D:4)
  2 adders
  4 worms
  2 dart slugs (D:1)
  3 leopard geckos
  2 orcs (D:3)
  7 bats
  A giant cockroach (D:1)
  7 goblins
  5 hobgoblins
  10 jackals
  2 quokkas
  2 frilled lizards (D:4)
  10 kobolds
  9 rats
69 creatures vanquished.

Notes
Turn   | Place    | Note
-------+----------+-------------------------------------------
     0 | D:1      | alfred1011 the Ogre Hunter began the quest for the Orb.
     0 | D:1      | Reached XP level 1. HP: 22/22 MP: 1/1
    63 | D:1      | Reached XP level 2. HP: 31/31 MP: 2/2
   461 | D:1      | Reached XP level 3. HP: 33/39 MP: 3/3
  1335 | D:2      | Reached XP level 4. HP: 49/49 MP: 4/4
  2320 | D:3      | Reached skill level 5 in Throwing
  2402 | D:3      | Reached XP level 5. HP: 42/55 MP: 5/5
  2612 | D:3      | Found a hazy altar of Hepliaklqana.
  2661 | D:3      | Reached skill level 5 in Fighting
  2662 | D:3      | Found a shimmering altar of Xom.
  2923 | D:4      | Reached skill level 1 in Maces & Flails
  3145 | D:4      | Noticed an ogre
  3169 | D:4      | Demolished by an ogre

Vault maps used:
D:1:      minmay_arrival_jagged
D:2:      first_bread
D:3:      nicolae_overflow_hidden_temple

Skill      XL: |  1  2  3  4  5 |
---------------+----------------+-----
Fighting       | 3 4 5 |  5.3
Throwing       | 5 |  5.2
Maces & Flails | 1 |  1.5
Dodging        | |  1.7
Stealth        | |  0.6

Action                   |  1- 3 |  4- 6 || total
-------------------------+-------+-------++-------
Melee: Short sword       |    64 |       ||    64
       Club              |    57 |    45 ||   102
       Dire flail        |       |    51 ||    51
Throw: Large rock        |    33 |    27 ||    60
       Stone             |     3 |     4 ||     7
 Stab: Sleeping          |     1 |       ||     1
  Eat: Chunk             |     1 |     6 ||     7
Armor: Robe              |    52 |    25 ||    77
Dodge: Dodged            |    97 |    62 ||   159
